 Dungeon Crawl Stone Soup version 0.25-a0-420-g1cc7eeb0d1 (webtiles) character file.

Game seed: 15793181298948869906, levelgen mode: deterministic

142 Hasart the Chiller (level 5, -6/35 HPs)
             Began as a Vampire Ice Elementalist on Jan 18, 2020.
             Was a Follower of Vehumet.
             Killed from afar by an orc wizard (12 damage)
             ... with a puff of flame
             ... on level 3 of the Dungeon.
             The game lasted 00:09:22 (2748 turns).

Hasart the Chiller (Vampire Ice Elementalist)       Turns: 2748, Time: 00:09:22

Health: -6/35      AC:  2    Str:  7    XL:     5   Next: 3%
Magic:  0/9        EV: 12    Int: 18    God:    Vehumet [*.....]
Gold:   118        SH:  0    Dex: 15    Spells: 3/9 levels left

rFire    . . .     SeeInvis +   g - +0 short sword
rCold    + . .     Gourm    .   (no shield)
rNeg     . . .     Faith    .   a - +0 robe
rPois    .         Spirit   .   (no helmet)
rElec    .         Reflect  .   (no cloak)
rCorr    .         Harm     .   (no gloves)
MR       .....                  (no boots)
Stlth    ++........             (no amulet)
HPRegen  0.31/turn              l - ring of protection from cold
MPRegen  0.11/turn              (no ring)

@: regenerating quickly, heavily drained, invisible
A: no food, fangs 3, see invisible, unbreathing
a: Exsanguinate, Renounce Religion


You were on level 3 of the Dungeon.
You worshipped Vehumet.
Vehumet was aware of your devotion.
You were alive.

You visited 1 branch of the dungeon, and saw 3 of its levels.

You collected 118 gold pieces.

Inventory:

Hand Weapons
 g - a +0 short sword (weapon)
 p - a +1 dagger of pain
Armour
 a - a +0 robe (worn)
Jewellery
 l - a ring of protection from cold (left hand)
Scrolls
 e - a scroll of enchant weapon {unknown}
 i - 2 scrolls of teleportation {unknown}
 j - 2 scrolls of fear {unknown}
 k - a scroll of identify {unknown}
 m - a scroll of fog {unknown}
 n - a scroll of enchant armour {unknown}
Potions
 b - 3 potions of agility {unknown}
 c - 2 potions of resistance {unknown}
 d - a potion of might {unknown}
 f - 2 potions of heal wounds {unknown}
 h - 2 potions of invisibility
 o - a potion of flight {unknown}


   Skills:
 + Level 3.3(1.7) Dodging
 - Level 3.0(1.4) Stealth
 + Level 2.8(1.3) Spellcasting
 * Level 1.1(0.0) Conjurations
 + Level 5.0(3.4) Ice Magic


You had 3 spell levels left.
You knew the following spells:

 Your Spells              Type           Power        Failure   Level  Hunger
a - Freeze                Ice            ##..         4%          1    N/A
b - Magic Dart            Conj           #...         21%         1    N/A
c - Hailstorm             Conj/Ice       #.......     67%         4    N/A

Your spell library contained the following spells:

 Spells                   Type           Power        Failure   Level  Hunger
 Ozocubu's Armour         Chrm/Ice       #.......     28%         3    N/A
 Summon Ice Beast         Ice/Summ       #.......     67%         4    N/A

Dungeon Overview and Level Annotations

Branches:
Dungeon (3/15)

Altars:
Vehumet


Innate Abilities, Weirdness & Mutations

You do not eat.
Your natural rate of healing is unusually fast.
You have razor-sharp teeth.
You have supernaturally acute eyesight. (SInv)
You can survive without breathing.


Message History

Press: ? - help, Shift-Dir - straight line, f/p - orc wizard
Aim: an orc wizard, wielding a +0 dagger and wearing a +0 robe (moderately wounded, fast, slightly transparent)
You freeze the orc wizard.
The orc wizard is severely wounded.
The orc wizard hits you with a +0 dagger.
* * * LOW HITPOINT WARNING * * *
Unknown command.
You hit the orc wizard.
The orc wizard is almost dead.
The orc wizard gestures at you while chanting.
The puff of frost hits you. You resist.
* * * LOW HITPOINT WARNING * * *
The orc hits you but does no damage. The orc wizard barely misses you.
Unknown command.
Your magical contamination has completely faded away.
It was a potion of invisibility.
You fade into invisibility!
The orc wizard points at you and mumbles some strange words.
The puff of flame hits you!
You die...

...............# #.#
#.............## #.#
.#....#......## #.#
....####......####.#
....######.##.#....#
......## #....#.####
#......# ##.....#####
..(..).######..#.....#
....(..........#@....#
..#...........o.o....###
.##....................##
.
#....###.#.o###....#...#
. #....#
#.#...o".....##.#
#............##........#
......#.####.###.....##.#
?..##....
###.###.....##.# ##.
#....##..............#


You could see an orc wizard (invisible) and 2 orcs.

Vanquished Creatures
  4 gnolls
  5 adders
  2 dart slugs
  A leopard gecko (D:2)
  6 orcs
  2 goblins (D:1)
  6 hobgoblins
  3 jackals (D:3)
  2 quokkas (D:2)
  4 bats
  2 frilled lizards
  5 kobolds
  8 rats
50 creatures vanquished.

Notes
Turn   | Place    | Note
-------+----------+-------------------------------------------
     0 | D:1      | Hasart the Vampire Ice Elementalist began the quest for the
                  | Orb.
     0 | D:1      | Reached XP level 1. HP: 13/13 MP: 3/3
   587 | D:1      | Reached XP level 2. HP: 18/19 MP: 3/5
   865 | D:2      | Found a radiant altar of Vehumet.
   881 | D:2      | Became a worshipper of Vehumet
  1122 | D:2      | Reached XP level 3. HP: 13/24 MP: 2/6
  1327 | D:2      | You fall into a shaft and drop 1 floor!
  1744 | D:2      | Reached * piety under Vehumet
  1744 | D:2      | Offered knowledge of Magic Dart by Vehumet.
  1811 | D:3      | Noticed a phantom
  1945 | D:2      | Learned a level 1 spell: Magic Dart
  2051 | D:3      | Reached XP level 4. HP: 30/30 MP: 0/7
  2544 | D:2      | Reached skill level 1 in Conjurations
  2544 | D:2      | Reached skill level 5 in Ice Magic
  2597 | D:3      | Learned a level 4 spell: Hailstorm
  2727 | D:3      | Reached XP level 5. HP: 28/35 MP: 0/9
  2748 | D:3      | Killed from afar by an orc wizard

Levels and vault maps discovered:
D:1:      dpeg_arrival_three_same_balls, layout_basic, minmay_pentomino_z4
D:2:      layout_basic, overflow_temple_1_default
D:3:      layout_rooms, grunt_decor_cap, nrook_uturn, serial_bayou_pond_d,
          kennysheep_generic_room_5

Skill      XL: |  1  2  3  4 |
---------------+-------------+-----
Dodging        | 3 |  3.3
Conjurations   | 1 |  1.1
Ice Magic      | 5 |  5.0
Stealth        | |  3.0
Spellcasting   | |  2.8

Action                   |  1- 3 |  4- 6 || total
-------------------------+-------+-------++-------
Melee: Dagger            |    22 |       ||    22
       Short sword       |    21 |     1 ||    22
       Bite              |     2 |       ||     2
 Cast: Freeze            |    40 |    39 ||    79
       Magic Dart        |       |     7 ||     7
  Use: Potion            |       |     1 ||     1
 Stab: Sleeping          |     6 |       ||     6
Armor: Robe              |    18 |     2 ||    20
Dodge: Dodged            |    56 |    34 ||    90

Table legend:
 A = Non-vault XP
 B = Vault XP
 C = Vault XP percentage of total XP
 D = Non-vault monster count
 E = Vault monster count
 F = Vault count percentage of total count
                 A         B        C        D         E       F
            +---------+---------+-------+---------+---------+-------
      Total |     200 |       3 |   1.5 |      48 |       2 |   4.0
            +---------+---------+-------+---------+---------+-------
        D:1 |      10 |       3 |  23.1 |       7 |       2 |  22.2
        D:2 |      97 |       0 |   0.0 |      20 |       0 |   0.0
        D:3 |      93 |       0 |   0.0 |      21 |       0 |   0.0
            +---------+---------+-------+---------+---------+-------
